 Dungeon Crawl Stone Soup version 0.19.0-22-gd96e5fe (webtiles) character file.

210677 JeffiDaFish the Warrior (level 18, -1/121 HPs)
             Began as a Gargoyle Fighter on Nov 18, 2016.
             Was the Champion of Makhleb.
             Slain by a tentacle (7 damage)
             ... attached to a kraken
             ... on level 3 of the Shoals on Nov 19, 2016.
             The game lasted 02:09:26 (31041 turns).

JeffiDaFish the Warrior (Gargoyle Fighter)         Turns: 31041, Time: 02:09:27

Health: -1/121     AC: 43    Str: 25    XL:     18   Next: 86%
Magic:  31/31      EV:  8    Int:  9    God:    Makhleb [******]
Gold:   793        SH: 20    Dex: 21    Spells: 5 memorised, 12 levels left

rFire  . . .     SeeInvis +     D - +7 long sword (flame)
rCold  + . .     Gourm    .     c - +5 plate armour of the Cast Vote {rPois Int-4 Dex+5 SInv}
rNeg   + . .     Faith    .     X - +2 shield {rC+}
rPois  ∞         Spirit   .     (no helmet)
rElec  +         Reflect  +     F - +0 cloak of Oroodgho {+Blink}
rCorr  .         Harm     .     Q - +0 pair of gloves
MR     +....                    (no boots)
Stlth  ..........               b - +3 amulet of reflection
                                l - +4 ring of protection
                                d - ring of the Sparrow {*Slow +Fly Int+4 Dex+4 Slay+2}

@: flying
A: big wings, negative energy resistance 1, electricity resistance, unbreathing,
petrification resistance, rot immunity, AC +13
a: Stop Flying, Minor Destruction, Lesser Servant of Makhleb, Major Destruction,
Greater Servant of Makhleb, Renounce Religion, Evoke Blink
}: 1/15 runes: serpentine


You were on level 3 of the Shoals.
You worshipped Makhleb.
Makhleb was exalted by your worship.
You were not hungry.

You visited 6 branches of the dungeon, and saw 31 of its levels.
You also visited: Sewer.

You collected 2555 gold pieces.
You spent 1762 gold pieces at shops.

Inventory:

Hand Weapons
 D - a +7 long sword of flaming (weapon)
Armour
 c - the +5 plate armour of the Cast Vote (worn) {rPois Int-4 Dex+5 SInv}
   (You bought it in a shop on level 2 of the Orcish Mines)

   It affects your intelligence (-4).
   It affects your dexterity (+5).
   It protects you from poison.
   It lets you see invisible.
 F - the +0 cloak of Oroodgho (worn) {+Blink}
   (You bought it in a shop on level 2 of the Orcish Mines)

   It lets you blink.
 Q - a +0 pair of gloves (worn)
 X - a +2 shield of cold resistance (worn)
Jewellery
 b - a +3 amulet of reflection (around neck)
 d - the ring of the Sparrow (left hand) {*Slow +Fly Int+4 Dex+4 Slay+2}
   (You found it on level 6 of the Lair of Beasts)

   [ring of dexterity]

   It affects your intelligence (+4).
   It affects your dexterity (+4).
   It affects your accuracy and damage with ranged weapons and melee attacks
   (+2).
   It lets you fly.
   It may slow you when you take damage.
 l - a +4 ring of protection (right hand)
Wands
 h - a wand of hasting (5/9)
Scrolls
 j - 13 scrolls of remove curse
 k - a scroll of enchant weapon
 q - 2 scrolls of fear
 r - 5 scrolls of recharging
 t - 2 scrolls of fog
 u - 4 scrolls of blinking
 x - 5 scrolls of amnesia
 y - 3 scrolls of identify
 A - 2 scrolls of summoning
 H - a scroll of magic mapping
 N - 2 scrolls of teleportation
Potions
 e - 3 potions of agility
 m - 7 potions of curing
 p - 6 potions of brilliance
 w - a potion of cure mutation
 z - 3 potions of magic
 C - a potion of resistance
 E - 3 potions of cancellation
 I - a potion of ambrosia
 J - 2 potions of haste
 L - a potion of might
Books
 g - a book of Conjurations

   Spells                             Type                      Level
   a - Magic Dart                     Conjuration                  1
   b - Searing Ray                    Conjuration                  2
   c - Dazzling Spray                 Conjuration/Hexes            3
   d - Fulminant Prism                Conjuration/Hexes            4
   e - Iskenderun's Mystic Blast      Conjuration                  4
   f - Iskenderun's Battlesphere      Conjuration/Charms           5
 o - a book of Flames

   Spells                             Type                      Level
   a - Flame Tongue                   Conjuration/Fire             1
   b - Throw Flame                    Conjuration/Fire             2
   c - Conjure Flame                  Conjuration/Fire             3
   d - Inner Flame                    Hexes/Fire                   3
   e - Sticky Flame                   Conjuration/Fire             4
   f - Fireball                       Conjuration/Fire             5
 s - a book of Power

   Spells                             Type                      Level
   a - Fulminant Prism                Conjuration/Hexes            4
   b - Iskenderun's Mystic Blast      Conjuration                  4
   c - Venom Bolt                     Conjuration/Poison           5
   d - Bolt of Magma                  Conjuration/Fire/Earth       5
   e - Iron Shot                      Conjuration/Earth            6
   f - Orb of Destruction             Conjuration                  7
   g - Spellforged Servitor           Conjuration/Summoning        7
 v - the Collected Works on Ignition and Execration
   (You found it on level 6 of the Lair of Beasts)

   Spells                             Type                      Level
   a - Flame Tongue                   Conjuration/Fire             1
   b - Conjure Flame                  Conjuration/Fire             3
   c - Ignite Poison                  Fire/Transmutation/Poison    3
   d - Bolt of Magma                  Conjuration/Fire/Earth       5
   e - Summon Mana Viper              Hexes/Summoning              5
 K - a book of Burglary

   Spells                             Type                      Level
   a - Swiftness                      Charms/Air                   2
   b - Passwall                       Transmutation/Earth          2
   c - Passage of Golubria            Translocation                4
   d - Lee's Rapid Deconstruction     Earth                        5
   e - Darkness                       Hexes                        6
   f - Invisibility                   Hexes                        6
Comestibles
 a - 2 slices of pizza
 f - 23 bread rations
 i - 9 meat rations
 n - 4 beef jerkies
 B - 9 chunks of flesh
 G - 2 royal jellies


   Skills:
 * Level 16.3 Fighting
 * Level 14.7 Long Blades
 * Level 16.2 Armour
 - Level 1.0 Dodging
 * Level 15.3 Shields
 * Level 9.3 Spellcasting
 + Level 11.1 Conjurations
 + Level 3.9 Fire Magic
 * Level 4.6 Earth Magic


You had 12 spell levels left.
You knew the following spells:

 Your Spells              Type           Power        Failure   Level  Hunger
a - Magic Dart            Conj           ###.         1%          1    None
b - Iskenderun's Mystic   Conj           ###.....     14%         4    ####...
c - Bolt of Magma         Conj/Fire/Erth ###.......   99%         5    ######.
d - Orb of Destruction    Conj           ###.......   100%        7    #######
e - Iron Shot             Conj/Erth      ###.......   100%        6    #######


Dungeon Overview and Level Annotations

Branches:
Dungeon (15/15)            Temple (1/1) D:5            Lair (6/6) D:11
 Shoals (3/4) Lair:2        Snake (4/4) Lair:4        Slime (0/5) Lair:6
    Orc (2/2) D:9             Elf (0/3) Orc:2        Vaults (0/5) D:14
 Depths (0/5) D:15

Altars:
Ashenzari
Cheibriados
Dithmenos
Elyvilon
Fedhas
Kikubaaqudgha
Makhleb
Nemelex Xobeh
Okawaru
Qazlal
Ru
Sif Muna
Uskayaw
Vehumet
Xom
Yredelemnul
Zin
Beogh
Jiyva

Shops:
D:6 *   D:8 =   Orc:1 !   Orc:2 ![*!   Snake:3 %=*:

Annotations:
D:14 exclusion: obsidian statue
D:15 exclusions: ice statue and obsidian statue
Lair:2 exclusion: 4 oklob plants


Innate Abilities, Weirdness & Mutations

You are resistant to torment.
Your stone body is resilient. (AC +13)
You are immune to poison.
Your large and strong wings let you fly indefinitely.
You resist negative energy. (rN+)
You are resistant to electric shocks. (rElec)
You can survive without breathing.
You are immune to petrification.
You are immune to rotting.


Message History

You block the tentacle's attack.
The tentacle slaps you but does no damage.
You block the tentacle's attack. The kraken bites you!
* * * LOW HITPOINT WARNING * * *
The tentacle slaps you but does no damage. x2
You feel better. You block the tentacle's attack.
The tentacle slaps you but does no damage.
You block the tentacle's attack. The tentacle closely misses you.
You block the kraken's attack. The tentacle barely misses you.
The tentacle slaps you but does no damage.
You feel better. You block the tentacle's attack.
The tentacle slaps you but does no damage. x2
The tentacle slaps you!
* * * LOW HITPOINT WARNING * * *
The kraken bites you!
* * * LOW HITPOINT WARNING * * *
You block the tentacle's attack. x2
The tentacle slaps you but does no damage.
You block the kraken's attack. The tentacle slaps you!
You die...

≈≈≈≈≈≈≈≈≈≈≈≈≈≈≈≈≈≈≈≈≈≈≈≈
≈≈≈≈≈≈≈≈≈≈≈≈≈≈≈≈≈≈≈≈≈≈≈≈≈
≈≈≈≈≈≈≈≈≈≈≈≈≈≈≈≈≈≈≈≈≈≈≈≈≈
≈≈≈≈≈≈≈≈≈≈≈≈≈≈≈≈≈≈≈≈≈≈≈≈≈
≈≈≈≈≈≈≈≈≈≈≈≈≈≈≈≈≈≈≈≈≈≈≈≈≈
≈≈≈≈≈≈≈≈≈≈≈≈≈≈≈≈≈≈≈≈≈≈≈≈≈
≈≈≈≈≈≈≈≈≈≈≈≈≈≈≈≈≈≈≈≈≈≈≈≈≈
≈≈≈≈≈≈≈≈≈w≈≈≈≈≈≈≈≈≈≈≈≈≈≈≈
≈≈≈≈≈≈≈w@≈≈≈≈≈≈≈≈≈≈≈≈≈≈≈≈
≈≈≈≈≈≈≈wXw≈≈≈≈≈≈≈≈≈≈≈≈≈≈≈
≈≈≈≈≈≈≈≈≈≈≈≈≈≈≈≈≈≈≈≈≈≈≈≈≈
≈≈≈≈≈≈≈≈≈≈≈≈≈≈≈≈≈≈≈≈≈≈≈≈≈
≈≈≈≈≈≈≈≈≈≈≈≈≈≈≈≈≈≈≈≈≈≈≈≈≈
≈≈≈≈≈≈≈≈≈≈≈≈≈≈≈≈≈≈≈≈≈≈≈≈≈
≈≈≈≈≈≈≈≈≈≈≈≈≈≈≈≈≈≈≈≈≈≈≈≈≈
≈≈≈≈≈≈≈≈≈≈≈≈≈≈≈≈≈≈..≈≈≈≈≈
≈≈≈≈≈≈.........≈


You could see a kraken and 4 tentacles.

Vanquished Creatures
  A kraken (Shoals:3)
  Agnes (D:15)
  Kirke (Lair:4)
  Donald (Shoals:1)
  8 nagarajas
  The ghost of Tymir the Summoner, an adept DrSu of Hepliaklqana (Snake:2)
  An orc warlord (Orc:1)
  2 stone giants
  2 entropy weavers (Lair:6)
  Snorg (Lair:4)
  A fire dragon (D:15)
  4 merfolk impalers
  Harold (Lair:3)
  8 hydras
  2 merfolk avatars
  3 catoblepae (Lair:6)
  16 naga warriors
  3 centaur warriors
  8 anacondas
  2 alligator snapping turtles
  A queen ant (Lair:6)
  5 merfolk aquamancers (Shoals:3)
  A satyr (Shoals:3)
  13 naga sharpshooters
  18 death yaks
  3 tengu warriors (D:15)
  A titan zombie (D:15)
  6 shock serpents
  Sonja (Lair:4)
  2 salamander mystics
  8 slime creatures
  4 sea snakes
  A golden dragon zombie (D:15)
  A shadow wraith (D:14)
  2 skeletal warriors (D:15)
  3 unseen horrors
  A deep troll (D:14)
  6 naga ritualists
  4 harpies (Shoals:1)
  5 hill giants
  3 orc knights
  A lindwurm (D:14)
  A phantasmal warrior (D:15)
  2 fauns (Shoals:3)
  A necromancer (D:15)
  5 ugly things (D:15)
  9 orc sorcerers
  12 cyclopes
  4 manticores
  14 mana vipers
  12 salamanders
  A wolf spider (D:15)
  4 guardian serpents
  A centaur zombie (D:12)
  40 black mambas
  11 naga magi
  5 water nymphs
  Joseph (D:8)
  3 gargoyles
  2 sirens
  A fire giant skeleton (D:15)
  10 spiny frogs
  A spriggan zombie (D:15)
  4 rime drakes
  5 komodo dragons
  An efreet (D:14)
  A tengu conjurer (D:15)
  5 yaktaurs (D:15)
  6 trolls
  20 merfolk
  A queen bee (Lair:2)
  3 wind drakes
  A polar bear (Lair:3)
  A hornet (D:12)
  A two-headed ogre (D:13)
  A harpy skeleton (D:15)
  14 hippogriffs
  13 dream sheep
  7 blink frogs (Lair:5)
  A meliai zombie (D:11)
  4 snapping turtles
  A spriggan (D:7)
  4 water elementals
  3 shadows
  3 wyverns
  4 hogs (Lair:4)
  5 basilisks
  A wraith (D:11)
  A human (shapeshifter) (D:14)
  A steam dragon (D:10)
  40 yaks
  3 vampire mosquitoes (D:13)
  A hungry ghost (D:14)
  A mottled dragon (D:15)
  65 nagas
  6 wargs
  25 soldier ants
  4 porcupines
  Duvessa (D:6)
  8 water moccasins
  4 ice beasts
  3 sky beasts
  23 orc warriors
  5 phantoms
  An ice beast (shapeshifter) (D:15)
  A black bear (D:11)
  9 ogres
  A necrophage (D:11)
  13 wolves
  11 crocodiles
  10 centaurs
  7 big kobolds
  21 bullfrogs
  A gnoll sergeant (D:9)
  A wyvern zombie (D:14)
  Dowan (D:6)
  4 scorpions
  42 killer bees
  7 wights
  5 electric eels
  4 howler monkeys
  10 crimson imps
  3 bullfrog zombies
  3 quasits
  6 jellies
  A gnoll shaman (D:6)
  3 hounds
  20 orc priests
  Crazy Yiuf (D:3)
  40 orc wizards
  3 centaur skeletons
  An iron imp (D:14)
  2 iguanas
  26 worker ants
  A hound zombie (D:11)
  A hound skeleton (D:5)
  A howler monkey zombie (D:8)
  12 gnolls
  10 adders
  2 howler monkey skeletons
  A river rat (Lair:2)
  3 shadow imps
  A white imp (D:14)
  3 oozes (Sewer)
  An adder zombie (D:6)
  3 adder skeletons
  8 worms
  5 dart slugs
  6 leopard geckos
  92 orcs
  4 ball pythons
  12 giant cockroaches
  12 goblins
  9 hobgoblins
  14 jackals
  2 quokkas
  12 bats
  4 frilled lizards
  A jackal zombie (D:4)
  28 kobolds
  11 rats
  A tentacle (Shoals:3)
1116 creatures vanquished.

Vanquished Creatures (collateral kills)
  A phantom (D:5)
1 creature vanquished.

Vanquished Creatures (others)
  A merfolk javelineer (Shoals:2)
  3 naga sharpshooters
  A faun (Shoals:3)
  A cyclops (Shoals:2)
  A dream sheep (Shoals:3)
  A naga (Snake:4)
  An electric eel (D:10)
  2 orcs (D:10)
  4 bushes (D:14)
  7 fungi
  25 plants
  4 tentacles (Shoals:3)
51 creatures vanquished.

Grand Total: 1168 creatures vanquished

Notes
Turn   | Place    | Note
-------+----------+-------------------------------------------
     0 | D:1      | JeffiDaFish the Gargoyle Fighter began the quest for the Orb.
     0 | D:1      | Reached XP level 1. HP: 14/14 MP: 1/1
   277 | D:1      | Reached XP level 2. HP: 19/19 MP: 2/2
   396 | D:1      | Gained mutation: You possess an exceptional clarity of mind. [potion of mutation]
   396 | D:1      | Gained mutation: You are dopey. (Int -2) [potion of mutation]
   396 | D:1      | Gained mutation: You are frail. (-10% HP) [potion of mutation]
   397 | D:1      | Gained mutation: You are agile. (Dex +2) [potion of mutation]
   397 | D:1      | Gained mutation: You are partially covered in slimy green scales. (AC +2) [potion of mutation]
   495 | D:1      | Reached XP level 3. HP: 20/21 MP: 3/3
  1081 | D:2      | Reached XP level 4. HP: 19/26 MP: 4/4
  1195 | D:2      | Reached XP level 5. HP: 33/33 MP: 5/5
  1464 | D:2      | Found a sparkling altar of Nemelex Xobeh.
  1699 | D:3      | Found a glowing drain.
  1722 | Sewer    | Entered a sewer
  1804 | Sewer    | Noticed a big kobold
  1822 | Sewer    | Killed a big kobold
  1822 | Sewer    | Reached XP level 6. HP: 37/37 MP: 6/6
  2000 | Sewer    | Reached XP level 7. HP: 42/42 MP: 7/7
  2251 | Sewer    | Reached skill level 1 in Dodging
  2452 | D:3      | Learned a level 1 spell: Magic Dart
  2809 | D:3      | Found a runed door.
  2921 | D:3      | Noticed Crazy Yiuf
  2932 | D:3      | Killed Crazy Yiuf
  3949 | D:5      | Entered Level 5 of the Dungeon
  4033 | D:5      | Reached XP level 8. HP: 47/47 MP: 8/8
  4358 | D:5      | Reached skill level 1 in Spellcasting
  4521 | D:5      | Found a staircase to the Ecumenical Temple.
  4527 | Temple   | Entered the Ecumenical Temple
  4634 | Temple   | Became a worshipper of Makhleb the Destroyer
  4848 | D:6      | Reached skill level 1 in Conjurations
  4915 | D:6      | Found Cacsit's General Store.
  4995 | D:6      | Noticed Duvessa
  4996 | D:6      | Noticed Dowan
  5015 | D:6      | Killed Duvessa
  5029 | D:6      | Killed Dowan
  5191 | D:6      | Reached XP level 9. HP: 46/51 MP: 11/11
  5927 | D:7      | Reached * piety under Makhleb
  6255 | D:7      | Found a blossoming altar of Fedhas.
  6263 | D:7      | Found a hide-covered altar of Uskayaw.
  6458 | D:8      | Found Deytiaqo's Jewellery Boutique.
  6462 | D:8      | Noticed Joseph
  6504 | D:8      | Killed Joseph
  6504 | D:8      | Reached XP level 10. HP: 31/57 MP: 8/13
  7407 | D:8      | Reached XP level 11. HP: 44/64 MP: 13/16
  7753 | D:9      | Found a stormy altar of Qazlal.
  7761 | D:9      | Reached skill level 10 in Fighting
  7762 | D:9      | Reached ** piety under Makhleb
  7828 | D:9      | Found a staircase to the Orcish Mines.
  7951 | D:9      | Reached skill level 10 in Armour
  7979 | D:9      | Reached skill level 10 in Long Blades
  8309 | D:9      | Reached *** piety under Makhleb
  9405 | D:10     | Entered Level 10 of the Dungeon
  9464 | D:10     | Found a basalt altar of Yredelemnul.
  9758 | D:10     | Noticed a centaur warrior
  9771 | D:10     | Killed a centaur warrior
 10347 | D:11     | Reached XP level 12. HP: 66/71 MP: 13/18
 10629 | D:11     | Reached skill level 5 in Conjurations
 10831 | D:11     | Reached **** piety under Makhleb
 11252 | D:11     | Found a staircase to the Lair.
 11279 | Lair:1   | Entered Level 1 of the Lair of Beasts
 11536 | Lair:1   | Reached skill level 5 in Spellcasting
 11604 | Lair:1   | Learned a level 4 spell: Iskenderun's Mystic Blast
 11790 | Lair:1   | Noticed a six-headed hydra
 11835 | Lair:1   | Killed a 13-headed hydra
 11858 | Lair:1   | Found a radiant altar of Vehumet.
 12363 | Lair:2   | Reached ***** piety under Makhleb
 12363 | Lair:2   | Reached skill level 10 in Shields
 12439 | Lair:2   | Reached XP level 13. HP: 71/75 MP: 17/20
 12802 | Lair:2   | Found a staircase to the Shoals.
 13773 | Lair:3   | Noticed Harold
 13794 | Lair:3   | Killed Harold
 14004 | Lair:4   | Found a staircase to the Snake Pit.
 14004 | Lair:4   | Noticed Snorg
 14030 | Lair:4   | Killed Snorg
 14165 | Lair:4   | Noticed Sonja
 14195 | Lair:4   | Killed Sonja
 14472 | Lair:4   | Noticed Kirke
 14499 | Lair:4   | Killed Kirke
 15006 | Lair:5   | Lost mutation: You are agile. (Dex +2) [potion of cure mutation]
 15006 | Lair:5   | Lost mutation: You possess an exceptional clarity of mind. [potion of cure mutation]
 15006 | Lair:5   | Lost mutation: You are frail. (-10% HP) [potion of cure mutation]
 15006 | Lair:5   | Lost mutation: You are dopey. (Int -2) [potion of cure mutation]
 15006 | Lair:5   | Lost mutation: You are partially covered in slimy green scales. (AC +2) [potion of cure mutation]
 15617 | Lair:6   | Entered Level 6 of the Lair of Beasts
 15640 | Lair:6   | Gained mutation: Your large and strong wings let you fly indefinitely. [Gargoyle growth]
 15640 | Lair:6   | Reached XP level 14. HP: 92/92 MP: 23/23
 15964 | Lair:6   | Identified the Collected Works on Ignition and Execration
 15988 | Lair:6   | Noticed an entropy weaver
 16203 | Lair:6   | Found a staircase to the Slime Pits.
 16203 | Lair:6   | Found a viscous altar of Jiyva.
 16329 | Lair:6   | Reached ****** piety under Makhleb
 16338 | Lair:6   | Got a warped iron ring
 16339 | Lair:6   | Identified the ring of the Sparrow {*Slow +Fly Int+4 Dex+4 Slay+2} (You found it on level 6 of the Lair of Beasts)
 16587 | Lair:6   | Killed an entropy weaver
 16680 | Lair:6   | Noticed an entropy weaver
 16699 | Lair:6   | Killed an entropy weaver
 17326 | Lair:6   | Reached XP level 15. HP: 46/99 MP: 14/25
 19964 | D:14     | Found a gate to the Vaults.
 20565 | D:15     | Entered Level 15 of the Dungeon
 20702 | D:15     | Found a staircase to the Depths.
 21444 | D:15     | Reached XP level 16. HP: 107/107 MP: 27/27
 21506 | D:15     | Noticed Agnes
 21525 | D:15     | Killed Agnes
 21981 | Orc:1    | Entered Level 1 of the Orcish Mines
 22155 | Orc:1    | Found Suukk's Distillery.
 22455 | Orc:2    | Entered Level 2 of the Orcish Mines
 22501 | Orc:2    | Paralysed by an orc sorcerer for 5 turns
 22552 | Orc:2    | Paralysed by an orc sorcerer for 6 turns
 22728 | Orc:2    | Found a staircase to the Elven Halls.
 22828 | Orc:2    | Found a roughly hewn altar of Beogh.
 23022 | Orc:2    | Found Juidiebb's Distillery.
 23022 | Orc:2    | Found Qybain's Assorted Antiques.
 23119 | Orc:2    | Found a roughly hewn altar of Beogh.
 23145 | Orc:2    | Paralysed by an orc sorcerer for 5 turns
 23442 | Orc:2    | Found Banas's Distillery.
 23442 | Orc:2    | Found Reilill's Antique Armour Shoppe.
 23456 | Orc:2    | Bought a steaming plate armour for 812 gold pieces
 23456 | Orc:2    | Bought a pitted cloak for 275 gold pieces
 23468 | Orc:2    | Identified the +5 plate armour of the Cast Vote {rPois Int-4 Dex+5 SInv} (You bought it in a shop on level 2 of the Orcish Mines)
 23479 | Orc:2    | Identified the +0 cloak of Oroodgho {+Blink} (You bought it in a shop on level 2 of the Orcish Mines)
 23748 | Snake:1  | Entered Level 1 of the Snake Pit
 24485 | Snake:2  | Noticed Tymir's ghost (adept DrSu)
 24506 | Snake:2  | Killed Tymir's ghost
 24506 | Snake:2  | Reached skill level 15 in Fighting
 24809 | Snake:2  | Found a snail-covered altar of Cheibriados.
 25060 | Snake:2  | Reached skill level 15 in Armour
 25127 | Snake:2  | Reached XP level 17. HP: 113/113 MP: 24/29
 25275 | Snake:2  | Reached skill level 10 in Conjurations
 25780 | Snake:3  | Found Kutwuekk's Book Shoppe.
 25780 | Snake:3  | Found Fiprughe's Food Emporium.
 25781 | Snake:3  | Found Deklas's Jewellery Emporium.
 25783 | Snake:3  | Found Bocze's General Store.
 25987 | Snake:3  | Bought a book of Power for 675 gold pieces
 25993 | Snake:3  | Learned a level 5 spell: Bolt of Magma
 26078 | Snake:3  | Reached skill level 1 in Earth Magic
 26285 | Snake:4  | Entered Level 4 of the Snake Pit
 26387 | Snake:4  | Reached skill level 1 in Fire Magic
 27693 | Snake:4  | Reached XP level 18. HP: 96/120 MP: 30/30
 27917 | Snake:4  | Got a serpentine rune of Zot
 28404 | Shoals:1 | Entered Level 1 of the Shoals
 28437 | Shoals:1 | Reached skill level 15 in Shields
 28837 | Shoals:1 | Noticed Donald
 28866 | Shoals:1 | Killed Donald
 30879 | Shoals:3 | Learned a level 7 spell: Orb of Destruction
 30886 | Shoals:3 | Learned a level 6 spell: Iron Shot
 31041 | Shoals:3 | HP: 6/121 [kraken (17)]
 31041 | Shoals:3 | Slain by a tentacle

Skill      XL: |  1  2  3  4  5  6  7  8  9 10 11 12 13 14 15 16 17 18 |
---------------+-------------------------------------------------------+-----
Long Blades    | 2 7 8 9 10 11 12 13 14 | 14.7
Shields        | 6 7 8 10 11 12 13 14 15 | 15.3
Fighting       | 6 7 8 9 10 11 12 13 14 15 16 | 16.3
Armour         | 6 7 8 9 10 11 12 13 14 15 16 | 16.2
Dodging        | 1 |  1.0
Spellcasting   | 1 2 3 4 5 6 7 8 9 |  9.3
Conjurations   | 1 2 4 5 7 8 9 10 11 | 11.1
Earth Magic    | 2 4 |  4.6
Fire Magic     | 2 3 |  3.9

Action                   |  1- 3 |  4- 6 |  7- 9 | 10-12 | 13-15 | 16-18 || total
-------------------------+-------+-------+-------+-------+-------+-------++-------
Melee: Long sword        |   131 |   154 |   628 |   679 |  1579 |  2226 ||  5397
       Great sword       |       |       |       |   128 |       |       ||   128
 Cast: Magic Dart        |       |       |       |       |     3 |     2 ||     5
       Iskenderun's Myst |       |       |       |       |       |     2 ||     2
 Abil: Fly               |       |       |       |       |     1 |       ||     1
  Use: Potion            |     5 |     2 |     4 |     7 |     6 |    10 ||    34
       Scroll            |     2 |     5 |     6 |    12 |    14 |    18 ||    57
 Stab: Petrified         |       |       |       |       |     7 |       ||     7
       Distracted        |       |       |       |       |     1 |       ||     1
  Eat: Chunk             |     1 |     3 |    11 |    16 |    24 |    19 ||    74
       Fruit             |       |       |     1 |     5 |     3 |     6 ||    15
       Meat ration       |       |       |     1 |       |       |     1 ||     2
       Royal jelly       |       |       |       |       |     3 |     2 ||     5
       Beef jerky        |       |       |       |       |       |     1 ||     1
Armor: Scale mail        |    75 |    66 |    78 |       |       |       ||   219
       Chain mail        |       |       |   198 |    37 |       |       ||   235
       Plate armour      |       |       |       |   704 |   866 |  1389 ||  2959
Dodge: Dodged            |    55 |    59 |   136 |   313 |   295 |   454 ||  1312
Block: Shield            |    75 |    77 |   328 |   672 |  1100 |  2164 ||  4416
       Reflection        |       |       |       |       |       |   155 ||   155
       Rpst.: Long sword |    20 |    22 |    43 |    77 |    65 |   104 ||   331
       Great sword       |       |       |       |    16 |       |       ||    16
